 Dungeon Crawl Stone Soup version 0.31.0-32-g396128a36d (webtiles) character file.

Game seed: 3167453744607659371

237 Metae the Trooper (level 5, -1/47 HPs)
             Began as a Minotaur Fighter on Mar 5, 2024.
             Was a Believer of Uskayaw.
             Slain by a gnoll
             ... wielding a +0 halberd of venom
              (11 damage)
             ... on level 3 of the Dungeon on Mar 17, 2024.
             The game lasted 00:06:25 (2191 turns).

Metae the Trooper (Minotaur Fighter)                Turns: 2191, Time: 00:06:26

Health: -1/47      AC:  7    Str: 23    XL:     5   Next: 77%
Magic:  5/5        EV: 10    Int:  5    God:    Uskayaw [**....]
Gold:   149        SH:  4    Dex:  9    Spells: 4/4 levels left

rFire   . . .        a - +0 war axe
rCold   . . .        c - +0 buckler
rNeg    . . .        b - +0 scale mail
rPois   .            (helmet restricted)
rElec   .            (no cloak)
rCorr   .            (no gloves)
SInv    .            (no boots)
Will    .....        (no amulet) Stlth
                     (no ring)
HPRegen 0.27/turn    (no ring)
MPRegen 0.09/turn

%: no passive effects
@: lethally poisoned (-1 -> -7)
A: horns 2, retaliatory headbutt
a: Renounce Religion, Stomp, Line Pass


You were on level 3 of the Dungeon.
You worshipped Uskayaw.
Uskayaw was noncommittal.
You visited 1 branch of the dungeon, and saw 3 of its levels.

You collected 149 gold pieces.

Inventory:

Hand Weapons
 a - a +0 war axe (weapon)
Armour
 b - a +0 scale mail (worn)
 c - a +0 buckler (worn)
Jewellery
 j - a ring of wizardry
Talismans
 i - a dragon-blood talisman
Scrolls
 e - a scroll of vulnerability {unknown}
 h - 2 scrolls of teleportation {unknown}
 k - a scroll of fear {unknown}
 l - a scroll of revelation {unknown}
 m - a scroll of identify {unknown}
Potions
 d - 2 potions of might
 f - 3 potions of curing {unknown}
 g - 2 potions of attraction {unknown}
 n - a potion of heal wounds {unknown}
 o - a potion of resistance {unknown}


   Skills:
 + Level 4.7 Fighting
 + Level 3.8 Axes
 + Level 4.6 Armour
 + Level 2.3 Dodging
 + Level 4.6 Shields
 + Level 1.4 Invocations


You had 4 spell levels left.
You didn't know any spells.
Your spell library contained the following spells:

 Spells                   Type           Power      Damage    Failure   Level
 Cigotuvi's Dreadful Rot  Necr/Alch/Air  0%         N/A       93%         2
 Ignite Poison            Fire/Alch      0%         N/A       100%        4
 Freezing Cloud           Conj/Ice/Air   0%         6-21      100%        5


Dungeon Overview and Level Annotations

Branches:
Dungeon (3/15)

Altars:
Uskayaw


Innate Abilities, Weirdness & Mutations

You have a pair of horns on your head.
You reflexively headbutt those who attack you in melee.


Message History

The hobgoblin barely misses you.
You climb upwards.
There is a stone staircase leading down here.
You barely miss the hobgoblin. The hobgoblin hits you.
* * * LOW HITPOINT WARNING * * *
You slash the hobgoblin!
You kill the hobgoblin!
You start resting.
HP restored.
You start waiting.
Done waiting.
You start waiting.
Done waiting.
There is a stone staircase leading down here.
You climb downwards.
The gnoll hits you with a +0 flail!
There is a stone staircase leading up here.
You slash the gnoll!
The gnoll is severely wounded.
The gnoll hits you with a +0 flail.
You hit the gnoll.
You kill the gnoll!
The gnoll hits you from afar with a +0 halberd!
The gnoll closely misses you.
You see here a +0 flail.
You block the gnoll's attack.
You hit the gnoll.
The gnoll is lightly wounded.
The gnoll barely misses you.
You hit the gnoll.
The gnoll is moderately wounded.
The gnoll hits you from afar with a +0 halberd of venom.
You are poisoned.
The gnoll hits you with a +0 halberd! The gnoll hits you with a +0 halberd.
* * * LOW HITPOINT WARNING * * *
The gnoll barely misses you.
You can now pass through a line of other dancers.
You feel sick. The gnoll closely misses you.
The gnoll attacks as it pursues you!
The gnoll hits you from afar with a +0 halberd of venom!
You die...

#.#.#..#.####.#####.
#...#...............
#...#..#............
#...#..#............
#..>.....g..........
#.....##.#..........
#...gg##.#.#########
#..)..##.#.#!g.....g
#.#@..##.#.#.#######
.#########..##.#...#######
............##.#.###......
####....##.###.#...'......
#....##.......###......
#....######............
#....# #............
#....######............
#......................


You could see 2 gnolls.

Vanquished Creatures
  Sigmund (D:3)
  2 gnolls
  2 adders (D:3)
  A dart slug (D:2)
  6 endoplasms
  A giant cockroach (D:2)
  3 goblins
  4 hobgoblins
  7 jackals
  3 quokkas (D:1)
  4 ball pythons
  6 bats
  A frilled lizard (D:2)
  5 rats
46 creatures vanquished.

Notes
Turn   | Place    | Note
-------+----------+-------------------------------------------
     0 | D:1      | Metae the Minotaur Fighter began the quest for the Orb.
     0 | D:1      | Reached XP level 1. HP: 19/19 MP: 0/0
    87 | D:1      | Upgraded the game from 0.31.0-12-g77e489cdc1 to
                  | 0.31.0-32-g396128a36d
   119 | D:1      | Reached XP level 2. HP: 13/27 MP: 1/1
   377 | D:1      | Reached skill level 1 in Dodging
   377 | D:1      | Reached XP level 3. HP: 30/33 MP: 2/2
   624 | D:2      | Found a hide-covered altar of Uskayaw.
   635 | D:2      | Became a worshipper of Uskayaw the Reveller
   685 | D:2      | Reached * piety under Uskayaw
  1390 | D:3      | Noticed Sigmund
  1564 | D:3      | Reached ** piety under Uskayaw
  1565 | D:3      | Killed Sigmund
  1566 | D:3      | Reached skill level 1 in Invocations
  1566 | D:3      | Reached XP level 4. HP: 34/41 MP: 3/3
  1566 | D:3      | Reached XP level 5. HP: 39/47 MP: 4/4
  1794 | D:3      | Found a faded altar of an unknown god.
  2191 | D:3      | Slain by a gnoll

Illustrated notes

Levels and vault maps discovered:
D:1:      heliophobic_arrival_enchanted_forest, layout_basic
D:2:      layout_basic, basic_altar
D:3:      layout_basic, nicolae_ecumenical_pavilion, uniq_sigmund,
          uniq_crazy_yiuf_cottage

Skill      XL: |  1  2  3 |
---------------+----------+-----
Fighting       | 4 |  4.7
Armour         | 4 |  4.6
Dodging        | 1 2 |  2.3
Shields        | 4 |  4.6
Axes           | 3 |  3.8
Invocations    | 1 |  1.4

Action                     |  1- 3 |  4- 6 || total
---------------------------+-------+-------++-------
  Melee: War axe           |    77 |    18 ||    95
         Headbutt          |    10 |     2 ||    12
 Armour: Scale mail        |    65 |    30 ||    95
  Dodge: Dodged            |    42 |    16 ||    58
  Block: Buckler           |    21 |     5 ||    26
